 Dungeon Crawl Stone Soup version 0.24-a0-580-g6a6c3f83c1 (webtiles) character file.

Game seed: 6990567768734008588

25033 Mame the Severer (level 13, -6/119 HPs)
             Began as a Hill Orc Fighter on Aug 22, 2019.
             Was a High Priest of Okawaru.
             Mangled by an orc warrior
             ... wielding a +0 short sword
             ... led by an orc knight
              (17 damage)
             ... on level 1 of the Orcish Mines.
             The game lasted 01:14:03 (15253 turns).

Mame the Severer (Hill Orc Fighter)                Turns: 15253, Time: 01:14:04

Health: -6/119     AC: 17    Str: 24    XL:     13   Next: 17%
Magic:  9/16       EV: 13    Int:  8    God:    Okawaru [*****.]
Gold:   1111       SH: 13    Dex: 13    Spells: 12/12 levels left

rFire    . . .     SeeInvis +   E - +6 war axe (freeze)
rCold    . . .     Gourm    .   c - +0 shield
rNeg     . . .     Faith    .   b - +0 scale mail
rPois    .         Spirit   .   i - +0 hat {MR+}
rElec    .         Reflect  .   S - +1 cloak
rCorr    .         Harm     .   h - +0 pair of gloves of Context {Dex+3}
MR       +....                  (no boots)
Stlth    ++........             p - amulet of magic regeneration
HPRegen  0.29/turn              M - +3 ring of protection
MPRegen  0.40/turn              x - ring of see invisible

@: heroism, finesse
A: no striking features
a: Heroism, Finesse, Renounce Religion


You were on level 1 of the Orcish Mines.
You worshipped Okawaru.
Okawaru was extremely pleased with you.
You were not hungry.

You visited 4 branches of the dungeon, and saw 19 of its levels.

You collected 1536 gold pieces.
You spent 425 gold pieces at shops.

Inventory:

Hand Weapons
 a - a +1 war axe
 E - a +6 war axe of freezing (weapon)
 N - a cursed -3 short sword
 O - the +2 Maxwell's thermic engine {flame, freeze}
   (You found it on level 9 of the Dungeon)

   It has been specially enchanted to burn those struck by it, causing extra
   injury to most foes and up to half again as much damage against particularly
   susceptible opponents.
   Big, fiery blades are also staple armaments of hydra-hunters.
   It has been specially enchanted to freeze those struck by it, causing extra
   injury to most foes and up to half again as much damage against particularly
   susceptible opponents.
 T - a +2 battleaxe of venom
Armour
 b - a +0 scale mail (worn)
 c - a +0 shield (worn)
 d - a +0 plate armour
 g - a +0 helmet
 h - the +0 pair of gloves of Context (worn) {Dex+3}
   (Okawaru gifted it to you on level 1 of the Orcish Mines)

   It affects your dexterity (+3).
 i - a +0 hat of magic resistance (worn)
 w - the cursed +0 robe of the Enchanted Forest {Stlth+, unknown}
   (You found it on level 6 of the Dungeon)

   It makes you more stealthy.
   It has a curse placed upon it.
 B - a +0 buckler
 S - a +1 cloak (worn)
Jewellery
 p - an amulet of magic regeneration (around neck)
 u - a +3 ring of evasion
 x - a ring of see invisible (right hand)
 y - an uncursed ring of positive energy
 D - an uncursed ring of fire
 M - a +3 ring of protection (left hand)
 R - an uncursed ring of ice
Wands
 j - a wand of iceblast (6)
 A - a wand of flame (13)
 G - a wand of paralysis (6)
 H - a wand of random effects (37)
 L - a wand of scattershot (4)
 P - a wand of digging (7)
Scrolls
 e - 8 scrolls of remove curse
 k - a scroll of blinking
 q - 2 scrolls of fog
 r - 3 scrolls of enchant armour
 C - 4 scrolls of identify
 F - 4 scrolls of teleportation
 I - a scroll of immolation
 Q - 2 scrolls of amnesia
 U - a scroll of summoning
 W - 2 scrolls of magic mapping
 X - a scroll of silence
Potions
 m - 3 potions of haste
 n - 4 potions of curing
 o - 4 potions of flight
 s - a potion of berserk rage
 t - 3 potions of resistance
 v - 4 potions of invisibility
 z - 3 potions of brilliance
 J - 3 potions of cancellation
 K - a potion of agility
Comestibles
 f - 25 rations


   Skills:
 + Level 12.7(17.7) Fighting
 + Level 18.0(23.0) Axes
 + Level 10.7(15.7) Armour
 - Level 0.9(5.9) Dodging
 - Level 0.2(5.2) Stealth
 + Level 8.2(13.2) Shields
 + Level 4.0 Invocations
 + Level 2.5 Evocations


You had 12 spell levels left.
You didn't know any spells.
Your spell library contained the following spells:

 Spells                   Type           Power        Failure   Level  Hunger
 Confusing Touch          Hex            #.....       69%         1    ##.....
 Corona                   Hex            #......      69%         1    ##.....
 Magic Dart               Conj           #...         69%         1    ##.....
 Sting                    Conj/Pois      #...         69%         1    ##.....
 Summon Small Mammal      Summ           #...         69%         1    ##.....
 Blink                    Tloc           N/A          83%         2    ###....
 Call Imp                 Summ           #.......     83%         2    ###....
 Poisonous Vapours        Pois/Air       #.....       83%         2    ###....
 Slow                     Hex            #.......     83%         2    ###....
 Call Canine Familiar     Summ           #.......     96%         3    ####...
 Confuse                  Hex            #.......     96%         3    ####...
 Conjure Flame            Conj/Fire      #.......     96%         3    ####...
 Gell's Gravitas          Tloc           #.........   96%         3    ####...
 Inner Flame              Hex/Fire       #.......     96%         3    ####...
 Mephitic Cloud           Conj/Pois/Air  #.......     96%         3    ####...
 Portal Projectile        Hex/Tloc       #.....       96%         3    ####...
 Summon Guardian Golem    Hex/Summ       #.......     96%         3    ####...
 Cause Fear               Hex            #.........   100%        4    #####..
 Leda's Liquefaction      Hex/Erth       #.........   100%        4    #####..
 Olgreb's Toxic Radiance  Pois           #.......     100%        4    #####..
 Petrify                  Tmut/Erth      #.......     100%        4    #####..
 Summon Ice Beast         Ice/Summ       #.......     100%        4    #####..
 Summon Lightning Spire   Summ/Air       #.......     100%        4    #####..
 Metabolic Englaciation   Hex/Ice        #.........   100%        5    ######.
 Venom Bolt               Conj/Pois      #.........   100%        5    ######.
 Yara's Violent Unravell  Hex/Tmut       #.........   100%        5    ######.


Dungeon Overview and Level Annotations

Branches:
Dungeon (13/15)            Temple (1/1) D:6            Lair (3/6) D:10
    Orc (2/2) D:11         Vaults (0/5) D:13
  Swamp: Lair:2-4    Shoals: Lair:2-4     Snake: Lair:2-4    Spider: Lair:2-4
    Elf: Orc:2

Altars:
Ashenzari
Cheibriados
Dithmenos
Fedhas
Hepliaklqana
Kikubaaqudgha
Makhleb
Nemelex Xobeh
Okawaru
Qazlal
Ru
Trog
Vehumet
Wu Jian
Xom
Yredelemnul
Zin

Shops:
D:8 !   D:10 *   D:11 :*!?

Annotations:
D:13 Rupert
Orc:2 Saint Roka


Message History

You hit the orc warrior. You freeze the orc warrior.
The orc warrior is lightly wounded.
You slash the orc priest! You freeze the orc priest.
You kill the orc priest!
Okawaru accepts your kill.
Your Invocations skill increases to level 4!
You completely miss the orc knight. You barely miss the orc.
You slash the troll! You freeze the troll.
Okay, then.
You slash the troll! You freeze the troll!
The troll is almost dead.
You barely miss the orc warrior. You slash the orc knight!
You freeze the orc knight. You slice the orc!! You freeze the orc.
You kill the orc!
The orc warrior hits you from afar with a +0 trident!!
* * * LOW HITPOINT WARNING * * *
The troll bites you but does no damage. You block the troll's attack.
The troll closely misses you.
The orc warrior hits you with a +0 short sword!
You die...

..............#
......#...........
....##.....$.....#
...^.............^
#.........>.......
#.................
.......o..$.......
.......)oT........
$......o@.........
#......)..........
..................
#.$.....#.......##
##.....#........
###... ..##.#..
##.. .## ## . .#.
##


You could see an orc knight, a troll and 2 orc warriors.

Vanquished Creatures
  An orc warlord (Orc:2)
  Snorg (Orc:2)
  Fannar (Orc:1)
  Harold (Lair:2)
  2 two-headed ogres
  2 unseen horrors
  2 orc knights
  2 ugly things (D:12)
  4 orc sorcerers
  A manticore (D:12)
  A black mamba (Lair:2)
  2 spiny frogs (Lair:2)
  A komodo dragon (D:11)
  3 trolls
  A hornet (D:12)
  3 hippogriffs
  2 wyverns
  2 shadows (D:11)
  5 yaks
  4 hogs (D:7)
  A human (D:7)
  A hungry ghost (D:11)
  6 wargs
  4 porcupines
  4 water moccasins
  Duvessa (D:7)
  21 orc warriors
  A black bear (D:8)
  3 ice beasts
  3 necrophages
  15 centaurs
  10 ogres
  4 phantoms
  2 wolves (Lair:3)
  8 crocodiles
  9 bullfrogs
  A wyvern zombie (D:12)
  Dowan (D:7)
  2 scorpions
  5 killer bees (D:8)
  4 wights (D:7)
  2 howler monkeys (D:7)
  2 bullfrog zombies (D:12)
  3 centaur zombies
  6 crimson imps
  14 orc priests
  6 hounds
  2 jellies
  13 orc wizards
  2 centaur skeletons (D:4)
  3 bullfrog skeletons
  5 iguanas
  9 worker ants
  A hound zombie (D:6)
  A hound skeleton (D:11)
  A worker ant zombie (D:6)
  11 adders
  7 shadow imps
  A white imp (D:9)
  4 oozes
  An adder zombie (D:5)
  An adder skeleton (D:6)
  2 worms
  4 dart slugs
  5 leopard geckos
  59 orcs
  A ball python (D:3)
  7 bats
  A giant cockroach (D:1)
  6 hobgoblins
  7 jackals
  A quokka (D:3)
  7 frilled lizards
  7 goblins
  2 jackal skeletons
  12 kobolds
  A leopard gecko skeleton (D:4)
  10 rats
  A plant (D:10)
375 creatures vanquished.

Vanquished Creatures (others)
  A fungus (Lair:3)
  3 plants (Lair:3)
4 creatures vanquished.

Grand Total: 379 creatures vanquished

Notes
Turn   | Place    | Note
-------+----------+-------------------------------------------
     0 | D:1      | Mame the Hill Orc Fighter began the quest for the Orb.
     0 | D:1      | Reached XP level 1. HP: 19/19 MP: 1/1
    32 | D:1      | Reached XP level 2. HP: 16/27 MP: 2/2
    86 | D:1      | Reached skill level 3 in Axes
   132 | D:1      | Reached XP level 3. HP: 13/33 MP: 3/3
   752 | D:2      | Reached XP level 4. HP: 40/40 MP: 4/4
   855 | D:2      | Reached skill level 4 in Axes
   980 | D:2      | Found a hazy altar of Hepliaklqana.
  1331 | D:3      | Reached XP level 5. HP: 46/46 MP: 5/5
  1513 | D:3      | Reached skill level 5 in Axes
  1660 | D:3      | Found a shattered altar of Ashenzari.
  1700 | D:3      | Found a stormy altar of Qazlal.
  1702 | D:3      | Reached skill level 6 in Axes
  1718 | D:3      | Reached XP level 6. HP: 23/52 MP: 6/6
  2229 | D:4      | Reached skill level 7 in Axes
  2794 | D:5      | Entered Level 5 of the Dungeon
  2814 | D:5      | Noticed a phantom
  2849 | D:5      | Killed a phantom
  2849 | D:5      | Reached XP level 7. HP: 43/60 MP: 7/7
  2907 | D:5      | Reached skill level 8 in Axes
  3151 | D:5      | Found a shimmering altar of Xom.
  3213 | D:5      | Reached skill level 9 in Axes
  3243 | D:5      | Found an ancient bone altar of Kikubaaqudgha.
  3267 | D:5      | Found a radiant altar of Vehumet.
  3324 | D:5      | Reached XP level 8. HP: 62/67 MP: 8/8
  3328 | D:5      | Reached skill level 5 in Fighting
  3545 | D:5      | Found a bloodstained altar of Trog.
  3614 | D:5      | Found a glowing silver altar of Zin.
  3726 | D:6      | Got a steaming robe
  3742 | D:6      | Reached skill level 5 in Armour
  3745 | D:6      | Reached skill level 10 in Axes
  3917 | D:6      | Found a staircase to the Ecumenical Temple.
  3940 | Temple   | Entered the Ecumenical Temple
  4046 | Temple   | Became a worshipper of Warmaster Okawaru
  4534 | D:6      | Found a blossoming altar of Fedhas.
  4743 | D:7      | Found a shadowy altar of Dithmenos.
  4750 | D:7      | Noticed Dowan
  4751 | D:7      | Noticed Duvessa
  4754 | D:7      | Killed Dowan
  4754 | D:7      | Reached skill level 11 in Axes
  4754 | D:7      | Noticed a hippogriff
  4757 | D:7      | Killed Duvessa
  4766 | D:7      | Killed a hippogriff
  4766 | D:7      | Reached XP level 9. HP: 18/74 MP: 9/9
  5162 | D:7      | Reached * piety under Okawaru
  5177 | D:7      | Reached skill level 12 in Axes
  5486 | D:7      | HP: 2/75 [hog (8)]
  5497 | D:7      | Reached ** piety under Okawaru
  5497 | D:7      | Reached skill level 13 in Axes
  5769 | D:7      | Found an ornate altar of the Wu Jian Council.
  6078 | D:8      | Noticed a two-headed ogre
  6085 | D:8      | Killed a two-headed ogre
  6085 | D:8      | Reached XP level 10. HP: 66/86 MP: 10/10
  6097 | D:8      | Reached skill level 14 in Axes
  6160 | D:8      | Reached *** piety under Okawaru
  6612 | D:8      | Found a stormy altar of Qazlal.
  6686 | D:8      | Found a shadowy altar of Dithmenos.
  6688 | D:8      | Found a blossoming altar of Fedhas.
  6688 | D:8      | Found a shimmering altar of Xom.
  6698 | D:8      | Found a sparkling altar of Nemelex Xobeh.
  6698 | D:8      | Found a burning altar of Makhleb.
  6698 | D:8      | Found a shimmering altar of Xom.
  6739 | D:8      | Found a snail-covered altar of Cheibriados.
  6916 | D:8      | Found Yklujin's Distillery.
  6919 | D:8      | Bought a potion of heal wounds for 55 gold pieces
  7325 | D:9      | Reached skill level 15 in Axes
  7810 | D:9      | Found the +2 Maxwell's thermic engine {flame, freeze}
  7930 | D:9      | Reached skill level 5 in Shields
  8309 | D:10     | Entered Level 10 of the Dungeon
  8440 | D:10     | Noticed a two-headed ogre
  8450 | D:10     | Killed a two-headed ogre
  8450 | D:10     | Reached **** piety under Okawaru
  8450 | D:10     | Reached skill level 1 in Evocations
  8450 | D:10     | Reached XP level 11. HP: 64/95 MP: 11/11
  8466 | D:10     | Found Woonin's General Store.
  8509 | D:10     | Found a staircase to the Lair.
  8809 | Lair:1   | Entered Level 1 of the Lair of Beasts
  8908 | Lair:1   | You fall into a shaft and drop 1 floor!
  8921 | Lair:2   | Reached skill level 1 in Invocations
  9709 | Lair:2   | Noticed Harold
  9723 | Lair:2   | Reached skill level 16 in Axes
  9724 | Lair:2   | Killed Harold
 10474 | Lair:3   | Reached ***** piety under Okawaru
 10703 | Lair:3   | Noticed an eight-headed hydra
 11068 | D:11     | Found a staircase to the Orcish Mines.
 11473 | D:11     | Found Aseuraga's Distillery.
 11474 | D:11     | Found Wiepnoqocs's Book Emporium.
 11494 | D:11     | Bought a potion of heal wounds for 65 gold pieces
 11494 | D:11     | Bought a potion of heal wounds for 65 gold pieces
 11575 | D:11     | Noticed an unseen horror
 11585 | D:11     | Killed an unseen horror
 11586 | D:11     | Found Iheitz's General Store.
 11594 | D:11     | Found Qixkug's Magic Scroll Emporium.
 11608 | D:11     | Bought a scroll of enchant weapon for 120 gold pieces
 11608 | D:11     | Bought a scroll of enchant weapon for 120 gold pieces
 11617 | D:11     | Identified a scroll of acquirement
 11755 | D:12     | Noticed a manticore
 11761 | D:12     | Noticed a green ugly thing
 11762 | D:12     | Reached skill level 10 in Fighting
 11773 | D:12     | Killed a green ugly thing
 11773 | D:12     | Reached XP level 12. HP: 96/106 MP: 13/13
 11821 | D:12     | Reached skill level 17 in Axes
 12057 | D:12     | Reached skill level 10 in Armour
 12669 | D:13     | Found a gate to the Vaults.
 12669 | D:13     | Noticed a centaur warrior
 12669 | D:13     | Noticed Rupert
 12669 | D:13     | Noticed an eight-headed hydra
 12719 | Orc:1    | Entered Level 1 of the Orcish Mines
 12807 | Orc:1    | Reached ****** piety under Okawaru
 12807 | Orc:1    | Received a gift from Okawaru
 12817 | Orc:1    | Got a pair of scorched gloves {god gift}
 12823 | Orc:1    | Identified the +0 pair of gloves of Context {Dex+3}
                  | (Okawaru gifted it to you on level 1 of the Orcish Mines)
 12856 | Orc:1    | Noticed Fannar
 12875 | Orc:1    | Killed Fannar
 13030 | Orc:2    | Entered Level 2 of the Orcish Mines
 13030 | Orc:2    | Noticed Snorg
 13044 | Orc:2    | Killed Snorg
 13382 | Orc:2    | Noticed an orc warlord
 13653 | Orc:2    | Killed an orc warlord
 13974 | Orc:2    | Reached XP level 13. HP: 106/119 MP: 8/15
 14082 | Orc:2    | Noticed Saint Roka
 14419 | Orc:2    | Reached skill level 18 in Axes
 15253 | Orc:1    | Mangled by an orc warrior

Levels and vault maps discovered:
D:1:      saegor_arrival_simple_c, layout_loops_ring,
          minmay_misc_feat_four_crosses
D:2:      layout_loops_ring, old_standard_altar
D:3:      layout_basic, lemuel_coloured_pillars_altar, first_ration,
          small_statue_intersection, nicolae_qazlal_general_emergency
D:4:      layout_rooms
D:5:      layout_loops_ring, lightli_temple_of_fire, basic_altar,
          hangedman_feature_mirror, st_stairs_8, minmay_misc_feat_tiny,
          lemuel_statue_altar
D:6:      layout_basic, fedhas_altar_fruit_tree, minmay_temple_entry_waves
D:7:      layout_loops_ring, lemuel_doored_altar, grunt_livestock,
          nicolae_dithmenos_shadow_blocks, uniq_duvessa
D:8:      layout_loops_corners, kennysheep_little_box, doesnt_xom_only_xom,
          serial_shops, kennysheep_mini_moat, basic_altar
D:9:      layout_loops_ring, minmay_fire_ice_demons
D:10:     layout_roguey, dpeg_oklobed_lair, serial_shops,
          nicolae_shop_window_shopping
D:11:     layout_gridville, orc_0_dummy, serial_shops, shop,
          nicolae_shop_waterfront, nicolae_shop_crystal, shop, shop,
          uniq_maurice
D:12:     layout_roguey
D:13:     layout_loops_ring, david_vaults_3, grunt_gozag_statues
Temple:   minmay_temple_curvy_branch
Lair:1:   layout_regular_city, serial_forest, infiniplex_forest_straight_2,
          infiniplex_forest_fountain, infiniplex_forest_straight_2,
          infiniplex_forest_clump_medium, infiniplex_forest_clump_diagonal,
          infiniplex_forest_clump_diagonal, infiniplex_forest_corner_1
Lair:2:   layout_roguey, lemuel_fruit_fields, uniq_harold
Lair:3:   lemuel_reptile_caves, layout_loops_ring, palyth_hydra_swamp_entry,
          nicolae_spider_entry_non_spiders, grunt_forest_stairs_basic,
          chequers_serial_rivers_micro_d, beast_lair_carwin_5
Orc:1:    layout_caves, uniq_fannar
Orc:2:    grunt_orc_cross, layout_caves, uniq_snorg

Skill      XL: |  1  2  3  4  5  6  7  8  9 10 11 12 13 |
---------------+----------------------------------------+-----
Axes           | 3 4 6 7 9 11 13 15 16 17 18 | 18.0
Fighting       | 4 5 7 8 10 12 | 12.7
Shields        | 4 5 6 7 8 |  8.2
Armour         | 4 6 7 8 9 10 | 10.7
Evocations     | 1 2 |  2.5
Invocations    | 1 3 4 |  4.0
Dodging        | |  0.9
Stealth        | |  0.2

Action                   |  1- 3 |  4- 6 |  7- 9 | 10-12 | 13-15 || total
-------------------------+-------+-------+-------+-------+-------++-------
Melee: War axe           |   104 |   213 |   249 |   560 |    68 ||  1194
Invok: Heroism           |       |       |     1 |    17 |     3 ||    21
       Finesse           |       |       |       |     2 |     1 ||     3
Evoke: Wand              |       |       |     8 |    16 |     8 ||    32
  Use: Potion            |       |     1 |     4 |     6 |     1 ||    12
       Scroll            |       |       |    13 |    25 |       ||    38
  Eat: Chunk             |       |     6 |     8 |    10 |       ||    24
       Ration            |       |       |     1 |     5 |     1 ||     7
Armor: Scale mail        |    35 |    87 |    69 |   151 |    12 ||   354
Dodge: Dodged            |    20 |    70 |    70 |   202 |    25 ||   387
Block: Shield            |    54 |   114 |    71 |    50 |    45 ||   334
       Buckler           |       |       |    12 |    85 |       ||    97

Table legend:
 A = Non-vault XP
 B = Vault XP
 C = Vault XP percentage of total XP
 D = Non-vault monster count
 E = Vault monster count
 F = Vault count percentage of total count
                 A         B        C        D         E       F
            +---------+---------+-------+---------+---------+-------
      Total |   27148 |    8614 |  24.1 |     332 |      42 |  11.2
            +---------+---------+-------+---------+---------+-------
        D:1 |      68 |       0 |   0.0 |      33 |       0 |   0.0
        D:2 |      84 |       0 |   0.0 |      16 |       0 |   0.0
        D:3 |     191 |       0 |   0.0 |      33 |       0 |   0.0
        D:4 |     226 |       0 |   0.0 |      12 |       0 |   0.0
        D:5 |     667 |      72 |   9.7 |      26 |       2 |   7.1
        D:6 |     676 |       0 |   0.0 |      16 |       0 |   0.0
        D:7 |     949 |    1193 |  55.7 |      12 |       7 |  36.8
        D:8 |    2783 |       0 |   0.0 |      28 |       0 |   0.0
        D:9 |    1319 |      60 |   4.4 |      15 |       2 |  11.8
       D:10 |    1614 |       0 |   0.0 |      10 |       0 |   0.0
       D:11 |    2506 |       0 |   0.0 |      16 |       0 |   0.0
       D:12 |    6403 |       0 |   0.0 |      48 |       0 |   0.0
     Lair:1 |     151 |       0 |   0.0 |       1 |       0 |   0.0
     Lair:2 |    2040 |     992 |  32.7 |       9 |       1 |  10.0
     Lair:3 |     754 |     957 |  55.9 |       5 |      10 |  66.7
      Orc:1 |    3174 |    1293 |  28.9 |      22 |       3 |  12.0
      Orc:2 |    3543 |    4047 |  53.3 |      30 |      17 |  36.2
            +---------+---------+-------+---------+---------+-------
